 Dungeon Crawl Stone Soup version 0.17.1-3-g152610e (webtiles) character file.

168 Freud the Skirmisher (level 5, 0/29 HPs)
             Began as a Vine Stalker Fighter on Mar 31, 2016.
             Was an Initiate of Okawaru.
             Succumbed to a worker ant's poison
             ... on level 3 of the Dungeon.
             The game lasted 00:26:09 (2299 turns).

Freud the Skirmisher (Vine Stalker Fighter)         Turns: 2299, Time: 00:26:09

Health: 0/29       AC:  7    Str: 19    XL:     5   Next: 48%
Magic:  1/6        EV: 10    Int:  8    God:    Okawaru [......]
Gold:   92         SH:  0    Dex: 14    Spells: 0 memorised, 4 levels left

rFire  . . .     SeeInvis .     b - +0 dagger
rCold  . . .     Clarity  .     t - +0 ring mail {rPois}
rNeg   . . .     SustAt   .     (no shield)
rPois  +         Gourm    .     k - +1 helmet
rElec  .         Spirit   +     (no cloak)
rCorr  .         Warding  .     (no gloves)
rMut   .         Stasis   .     (no boots)
MR     .....                    (no amulet)
Stlth  +.........               (no ring)
                                (no ring)

@: lethally poisoned (0 -> -1), not resistant to hostile enchantments, very
unstealthy
A: fangs 2, regeneration 1, magic shield, antimagic bite, no device heal 3, rot
immunity
a: Renounce Religion


You were on level 3 of the Dungeon.
You worshipped Okawaru.
Okawaru was noncommittal.
You were not hungry.

You visited 1 branch of the dungeon, and saw 4 of its levels.

You collected 92 gold pieces.

Inventory:

Hand Weapons
 a - a +0 short sword
 b - a +0 dagger (weapon)
 g - a +0 rapier
 i - a +0 antimagic whip
Missiles
 h - 16 poisoned needles
 r - 77 stones (quivered)
Armour
 c - a +0 shield
 k - a +1 helmet (worn)
 t - a +0 ring mail of poison resistance (worn)
 w - a +0 chain mail
Scrolls
 o - 2 scrolls of amnesia
 q - 2 scrolls of teleportation {unknown}
 s - a scroll of identify {unknown}
 u - a scroll of noise {unknown}
Potions
 d - a potion of might
 j - 2 potions of curing {unknown}
 l - 2 potions of heal wounds {unknown}
 m - a potion of brilliance {unknown}
 p - a potion of poison {unknown}
 v - a potion of beneficial mutation {unknown}
Comestibles
 e - 3 bread rations
 n - a slice of pizza


   Skills:
 - Level 3.8 Fighting
 + Level 3.4 Short Blades
 - Level 3.2 Armour
 - Level 2.6 Shields


You had 4 spell levels left.
You didn't know any spells.

Dungeon Overview and Level Annotations

Branches:
Dungeon (4/15)
 Temple: D:4-7

Altars:
Dithmenos
Elyvilon
Okawaru
Yredelemnul


Innate Abilities, Weirdness & Mutations

You have extremely sharp teeth.
Your natural rate of healing is unusually fast.
When hurt, damage is shared between your health and your magic reserves.
Your bite disrupts and absorbs the magic of your enemies.
Potions and wands cannot restore your health.
You are immune to rotting.


Message History

The worker ant is moderately wounded.
You feel sick.
The worker ant bites you but does no damage.
You hit the worker ant but do no damage.
The worker ant is moderately wounded.
The worker ant bites you.
* * * LOW HITPOINT WARNING * * *
Your ring mail prevents you from hitting the worker ant.
You bite the worker ant, but do no damage.
The worker ant is moderately wounded.
The worker ant closely misses you.
You barely miss the worker ant.
You bite the worker ant, but do no damage.
The worker ant is moderately wounded.
The worker ant barely misses you.
You closely miss the worker ant. Your bite misses the worker ant.
The worker ant is moderately wounded.
The worker ant bites you.
* * * LOW HITPOINT WARNING * * *
You die...

# #.....).#### #...#######..# ###
#####......# ####..........# ..##
##......####.....#######.. #..#
##..####......###### ##. ##.#
#..###............<########
##.####.###..####..####..........
#.#...>....#............#######.
##...##.##....####.#..)..........
..............a.@....###.....####
..#..##.###########......###..###
#....##.# #.<.#### ##....
###...#.# ###..##########
♣♣#...#.# ##.....# # .♣##..#.#
#####.## # ..♣#....# #..# ##
..♣##..## ##.####. ♣..♣#...#
#......


You could see a worker ant.

Vanquished Creatures
  A giant frog skeleton (D:4)
  A worker ant (D:3)
  4 adders
  6 worms
  4 giant geckos
  An orc (D:3)
  A ball python (D:1)
  4 giant cockroaches
  7 goblins
  10 hobgoblins
  10 kobolds
  A quokka (D:2)
  6 bats
  3 giant newts
  A jackal skeleton (D:4)
  5 rats
65 creatures vanquished.

Vanquished Creatures (others)
  A hobgoblin (D:1)
1 creature vanquished.

Grand Total: 66 creatures vanquished

Notes
Turn   | Place    | Note
--------------------------------------------------------------
     0 | D:1      | Freud the Vine Stalker Fighter began the quest for the Orb.
     0 | D:1      | Reached XP level 1. HP: 11/11 MP: 2/2
   112 | D:1      | Reached XP level 2. HP: 16/16 MP: 3/3
   179 | D:1      | Reached skill level 3 in Fighting
   717 | D:2      | Reached XP level 3. HP: 18/20 MP: 4/4
   744 | D:2      | Found a shadowy altar of Dithmenos.
   898 | D:2      | Reached XP level 4. HP: 20/25 MP: 5/5
  1617 | D:3      | Found a basalt altar of Yredelemnul.
  1674 | D:3      | Found a white marble altar of Elyvilon.
  1854 | D:3      | Found an iron altar of Okawaru.
  1861 | D:3      | Became a worshipper of Warmaster Okawaru
  2120 | D:3      | Reached XP level 5. HP: 26/29 MP: 6/6
  2298 | D:3      | HP: 1/29 [worker ant (3)]
  2299 | D:3      | Succumbed to a worker ant's poison

Action                   |  1- 3 |  4- 6 || total
-------------------------+-------+-------++-------
Melee: Spear             |   151 |    75 ||   226
       Rapier            |     6 |       ||     6
       Dagger            |       |   130 ||   130
  Use: Scroll            |       |     2 ||     2
  Eat: Chunk             |       |     5 ||     5
